SAAA
NAPERVILLE BATTLEKINGS @ PORT ROYAL DISASTER
09/17/2031
 
TOP OF THE 1ST
Naperville Battlekings batting - Pitching for Port Royal Disaster : LHP Wilson Longoria
Pitching: LHP Wilson Longoria
Batting: RHB Fernando Martínez 0-0: Called Strike
0-1: Swinging Strike
0-2: Ball
1-2: Fly out, F6 (Line Drive, 56)
Batting: RHB Howard Lee 0-0: SOLO HOME RUN (Flyball, 7LD), Distance : 363 ft
Batting: RHB Maikel Cobblepot 0-0: Ball
1-0: Foul Ball, location: 2F
1-1: Foul Ball, location: 2F
1-2: Strikes out swinging
Batting: RHB Maik Palen 0-0: Called Strike
0-1: Swinging Strike
0-2: Ball
1-2: Foul Ball, location: 2F
1-2: Ball
2-2: Ball
3-2: Foul Ball, location: 2F
3-2: Strikes out swinging
Top of the 1st over - 1 run, 1 hit, 0 errors, 0 left on base; Naperville 1 - Port Royal 0
BOTTOM OF THE 1ST
Port Royal Disaster batting - Pitching for Naperville Battlekings : RHP Jordan Turpin
Pitching: RHP Jordan Turpin
Batting: RHB Loren Stallings 0-0: Foul Ball, location: 2F
0-1: Ball
1-1: Swinging Strike
1-2: Strikes out looking
Batting: RHB Steve Bock 0-0: Ground out 1-3 (Groundball, 13S)
Batting: LHB Bob Daugherty 0-0: Ball
1-0: Ball
2-0: Fly out, F3 (Line Drive, 3)
Bottom of the 1st over - 0 runs, 0 hits, 0 errors, 0 left on base; Naperville 1 - Port Royal 0
TOP OF THE 2ND
Naperville Battlekings batting - Pitching for Port Royal Disaster : LHP Wilson Longoria
Batting: RHB Elijah Seymour 0-0: Called Strike
0-1: Called Strike
0-2: Ground out 5-3 (Groundball, 5S)
Batting: RHB Jean Lechuga 0-0: SINGLE (Line Drive, 8RS)
Batting: LHB Marcos Costa 0-0: Ball
1-0: Fly out, F8 (Flyball, 8LD)
Batting: SHB Alex Mable 0-0: Ball
1-0: Foul Ball, location: 2F
1-1: Swinging Strike
1-2: Ball
2-2: Hit by Pitch
Jean Lechuga to second
Batting: LHB Ramón Flores 0-0: Ball
1-0: SINGLE (Groundball, 3S) (infield hit)
Jean Lechuga to third
Alex Mable to second
Batting: RHB Fernando Martínez 0-0: Foul Ball, location: 2F
0-1: Ball
1-1: Ball
2-1: SINGLE (Groundball, 56D)
Jean Lechuga scores
Alex Mable to third
Ramón Flores to second
Runner from 3rd tries for Home, SAFE, no throw
Batting: RHB Howard Lee 0-0: Swinging Strike
0-1: Ball
1-1: Foul Ball, location: 2F
1-2: Hit by Pitch
Ramón Flores to third
Fernando Martínez to second
Batting: RHB Maikel Cobblepot 0-0: Called Strike
0-1: Fly out, F2 (Popup, 23F)
Top of the 2nd over - 2 runs, 3 hits, 0 errors, 3 left on base; Naperville 3 - Port Royal 0
BOTTOM OF THE 2ND
Port Royal Disaster batting - Pitching for Naperville Battlekings : RHP Jordan Turpin
Batting: LHB Ricky Payton 0-0: Called Strike
0-1: Foul Ball, location: 2F
0-2: Ball
1-2: SINGLE (Line Drive, 56D)
Batting: RHB Wes Shannon 0-0: Ball
1-0: DOUBLE (Flyball, 89XD)
Ricky Payton to third
Runner from 3rd tries for Home, SAFE, no throw
Batting: SHB Arsenio Sameiro 0-0: SINGLE (Groundball, 34D)
Wes Shannon to third
Runner from 3rd tries for Home, SAFE, throw made home
Batting: RHB Jesús Ruano 0-0: 2-RUN HOME RUN (Flyball, 7LD), Distance : 353 ft
Batting: RHB Sancho Tornero 0-0: Foul Ball, location: 2F
0-1: Ball
1-1: Swinging Strike
1-2: Ball
2-2: Strikes out swinging
Batting: LHB José Vázquez 0-0: Ball
1-0: Ground out 5-3 (Groundball, 56)
Batting: RHB Loren Stallings 0-0: Called Strike
0-1: Swinging Strike
0-2: Ball
1-2: Ball
2-2: Strikes out swinging
Bottom of the 2nd over - 4 runs, 4 hits, 0 errors, 0 left on base; Naperville 3 - Port Royal 4
TOP OF THE 3RD
Naperville Battlekings batting - Pitching for Port Royal Disaster : LHP Wilson Longoria
Batting: RHB Maik Palen 0-0: Fly out, F8 (Flyball, 89D)
Batting: RHB Elijah Seymour 0-0: Ball
1-0: Foul Ball, location: 2F
1-1: Fly out, F6 (Line Drive, 6)
Batting: RHB Jean Lechuga 0-0: Called Strike
0-1: Bunt missed!
0-2: Ball
1-2: Ball
2-2: Ball
3-2: Foul Ball, location: 2F
3-2: Fly out, F9 (Flyball, 9LMF)
Top of the 3rd over - 0 runs, 0 hits, 0 errors, 0 left on base; Naperville 3 - Port Royal 4
BOTTOM OF THE 3RD
Port Royal Disaster batting - Pitching for Naperville Battlekings : RHP Jordan Turpin
Batting: RHB Steve Bock 0-0: Called Strike
0-1: Ball
1-1: Ball
2-1: Swinging Strike
2-2: Ball
3-2: Strikes out swinging
Batting: LHB Bob Daugherty 0-0: Called Strike
0-1: Ball
1-1: SINGLE (Groundball, 3D)
Batting: LHB Ricky Payton 0-0: Ball
Bob Daugherty is caught stealing 2nd base
1-0: Ball
2-0: SINGLE (Groundball, 6MD)
Batting: RHB Wes Shannon 0-0: Called Strike
0-1: Called Strike
0-2: Fielders Choice at 2nd, 6-4 (Groundball, 6)
Bottom of the 3rd over - 0 runs, 2 hits, 0 errors, 1 left on base; Naperville 3 - Port Royal 4
TOP OF THE 4TH
Naperville Battlekings batting - Pitching for Port Royal Disaster : LHP Wilson Longoria
Batting: LHB Marcos Costa 0-0: Ball
1-0: Ball
2-0: Called Strike
2-1: Foul Ball, location: 2F
2-2: Foul Ball, location: 2F
2-2: Foul Ball, location: 2F
2-2: Fly out, F9 (Flyball, 9S)
Batting: SHB Alex Mable 0-0: Ball
1-0: Swinging Strike
1-1: DOUBLE (Line Drive, 5D)
Batting: LHB Ramón Flores 0-0: Ground out 4-3 (Groundball, 4D)
Alex Mable to third
Batting: RHB Fernando Martínez 0-0: Fly out, F8 (Flyball, 8LS)
Top of the 4th over - 0 runs, 1 hit, 0 errors, 1 left on base; Naperville 3 - Port Royal 4
BOTTOM OF THE 4TH
Port Royal Disaster batting - Pitching for Naperville Battlekings : RHP Jordan Turpin
Batting: SHB Arsenio Sameiro 0-0: Swinging Strike
0-1: Swinging Strike
0-2: Foul Ball, location: 2F
0-2: Ball
1-2: Strikes out swinging
Batting: RHB Jesús Ruano 0-0: Ball
1-0: Ground out U3 (Groundball, 34)
Batting: RHB Sancho Tornero 0-0: Swinging Strike
0-1: Ball
1-1: Ball
2-1: Foul Ball, location: 2F
2-2: Strikes out looking
Bottom of the 4th over - 0 runs, 0 hits, 0 errors, 0 left on base; Naperville 3 - Port Royal 4
TOP OF THE 5TH
Naperville Battlekings batting - Pitching for Port Royal Disaster : LHP Wilson Longoria
Batting: RHB Howard Lee 0-0: Ball
1-0: Foul Ball, location: 2F
1-1: Called Strike
1-2: Foul Ball, location: 2F
1-2: Fly out, F9 (Flyball, 89M)
Batting: RHB Maikel Cobblepot 0-0: Fly out, F6 (Popup, 6M)
Batting: RHB Maik Palen 0-0: Called Strike
0-1: Swinging Strike
0-2: Ball
1-2: Ball
2-2: Ground out 6-3 (Groundball, 6)
Top of the 5th over - 0 runs, 0 hits, 0 errors, 0 left on base; Naperville 3 - Port Royal 4
BOTTOM OF THE 5TH
Port Royal Disaster batting - Pitching for Naperville Battlekings : RHP Jordan Turpin
Batting: LHB José Vázquez 0-0: Called Strike
0-1: Ball
1-1: Ball
2-1: Ball
3-1: Base on Balls
Batting: RHB Loren Stallings 0-0: Bunt - Flyout! F5
Batting: RHB Steve Bock 0-0: Ball
1-0: 2-RUN HOME RUN (Line Drive, 7LD), Distance : 348 ft
Batting: LHB Bob Daugherty 0-0: Ball
1-0: SINGLE (Groundball, 6MD)
Pitching: RHP Chris Hayes
Batting: LHB Ricky Payton 0-0: Ball
Wild Pitch!
Bob Daugherty to second
1-0: Ground out 4-3 (Groundball, 4)
Bob Daugherty to third
Batting: RHB Wes Shannon 0-0: Called Strike
0-1: SINGLE (Groundball, 6MD)
Bob Daugherty scores
Batting: SHB Arsenio Sameiro 0-0: Called Strike
0-1: SINGLE (Line Drive, 6M)
Wes Shannon to second
Runner from 2nd tries for 3rd, SAFE, throw made to third
Batting: RHB Jesús Ruano 0-0: SINGLE (Flyball, 7S)
Wes Shannon scores
Arsenio Sameiro to second
Batting: RHB Sancho Tornero 0-0: Swinging Strike
0-1: Ground out 4-3 (Groundball, 4)
Bottom of the 5th over - 4 runs, 5 hits, 0 errors, 2 left on base; Naperville 3 - Port Royal 8
TOP OF THE 6TH
Naperville Battlekings batting - Pitching for Port Royal Disaster : LHP Wilson Longoria
Pitching: RHP Esteban García
Batting: RHB Elijah Seymour 0-0: Ball
1-0: Ball
2-0: Swinging Strike
2-1: Ball
3-1: Base on Balls
Batting: RHB Jean Lechuga 0-0: Ball
1-0: Ball
2-0: Grounds into double play, 4-6-3 (Groundball, 4)
Batting: LHB Marcos Costa 0-0: SINGLE (Groundball, 34S) (infield hit)
Batting: SHB Alex Mable 0-0: Ball
Marcos Costa is caught stealing 2nd base
Top of the 6th over - 0 runs, 1 hit, 0 errors, 0 left on base; Naperville 3 - Port Royal 8
BOTTOM OF THE 6TH
Port Royal Disaster batting - Pitching for Naperville Battlekings : RHP Chris Hayes
Batting: LHB José Vázquez 0-0: Ball
1-0: Called Strike
1-1: Ball
2-1: Ball
3-1: Fly out, F8 (Flyball, 8LD)
Batting: RHB Loren Stallings 0-0: Ball
1-0: Called Strike
1-1: Ball
2-1: Fly out, F3 (Flyball, 34D)
Batting: RHB Steve Bock 0-0: Ball
1-0: SINGLE (Flyball, 8RS)
Batting: LHB Bob Daugherty 0-0: Called Strike
0-1: Ball
1-1: Swinging Strike
Steve Bock is caught stealing 2nd base
Bottom of the 6th over - 0 runs, 1 hit, 0 errors, 0 left on base; Naperville 3 - Port Royal 8
TOP OF THE 7TH
Naperville Battlekings batting - Pitching for Port Royal Disaster : RHP Esteban García
Batting: SHB Alex Mable 0-0: Ball
1-0: Ball
2-0: Called Strike
2-1: Ball
3-1: Reached on error, E4 (Groundball, 4)
Batting: LHB Ramón Flores 0-0: SINGLE (Line Drive, 8RS)
Alex Mable to second
Batting: RHB Fernando Martínez 0-0: Called Strike
0-1: Ball
1-1: Ball
2-1: Ball
3-1: Called Strike
3-2: Fielders Choice at 2nd, 5-4 (Groundball, 56)
Alex Mable to third
Batting: RHB Howard Lee 0-0: Ball
1-0: Called Strike
Fernando Martínez steals 2nd base
1-1: Ball
2-1: Ball
3-1: Called Strike
3-2: Foul Ball, location: 2F
3-2: Base on Balls
Batting: RHB Maikel Cobblepot 0-0: Ball
1-0: Foul Ball, location: 2F
1-1: Called Strike
1-2: TRIPLE (Flyball, 9D)
Alex Mable scores
Fernando Martínez scores
Howard Lee scores
Pitching: RHP Miguel Hernández
Batting: RHB Maik Palen 0-0: Called Strike
0-1: Ball
1-1: Ball
2-1: Ball
3-1: Swinging Strike
3-2: Fly out, F8 (Flyball, 8RXD)
Runner from 3rd tags up, SCORES, no throw
Batting: RHB Elijah Seymour 0-0: Called Strike
0-1: Ball
1-1: Ball
2-1: Fly out, F8 (Flyball, 8RXD)
Top of the 7th over - 4 runs, 2 hits, 1 error, 0 left on base; Naperville 7 - Port Royal 8
BOTTOM OF THE 7TH
Port Royal Disaster batting - Pitching for Naperville Battlekings : RHP Chris Hayes
Batting: LHB Bob Daugherty 0-0: Ball
1-0: Ball
2-0: Ball
3-0: Called Strike
3-1: Base on Balls
Batting: LHB Ricky Payton 0-0: Ball
1-0: Ball
2-0: Ball
3-0: Called Strike
3-1: Called Strike
3-2: Strikes out swinging
Bob Daugherty steals 2nd base
Batter strikes out.
Batting: RHB Wes Shannon 0-0: Intentional Walk
Batting: SHB Arsenio Sameiro 0-0: Ball
1-0: Called Strike
1-1: Ball
2-1: Foul Ball, location: 2F
2-2: Ball
3-2: Strikes out swinging
Batting: RHB Jesús Ruano 0-0: Ball
1-0: Swinging Strike
1-1: Swinging Strike
1-2: Strikes out swinging
Bottom of the 7th over - 0 runs, 0 hits, 0 errors, 2 left on base; Naperville 7 - Port Royal 8
TOP OF THE 8TH
Naperville Battlekings batting - Pitching for Port Royal Disaster : RHP Miguel Hernández
Now at 1B: Nelson Abbey
Batting: RHB Jean Lechuga 0-0: Ball
1-0: Swinging Strike
1-1: Foul Ball, location: 2F
1-2: Foul Ball, location: 2F
1-2: Strikes out swinging
Batting: LHB Marcos Costa 0-0: Foul Ball, location: 2F
0-1: Called Strike
0-2: Ball
1-2: Ball
2-2: Foul Ball, location: 2F
2-2: Ball
3-2: Reached on error, E6 (Groundball, 6)
Batting: SHB Alex Mable 0-0: SINGLE (Line Drive, 4D)
Marcos Costa to third
Batting: LHB Ramón Flores 0-0: Foul Ball, location: 2F
0-1: Ball
1-1: Foul Ball, location: 2F
1-2: SINGLE (Groundball, 34D)
Marcos Costa scores
Alex Mable to second
Runner from 2nd tries for 3rd, SAFE, throw made to third
Batting: RHB Fernando Martínez 0-0: Ball
1-0: Called Strike
1-1: SINGLE (Line Drive, 8LS)
Alex Mable scores
Ramón Flores to second
Batting: RHB Howard Lee 0-0: Foul Ball, location: 2F
0-1: Ball
1-1: Called Strike
1-2: Foul Ball, location: 2F
1-2: Strikes out looking
Batting: RHB Maikel Cobblepot 0-0: Called Strike
0-1: Called Strike
0-2: Ball
1-2: SINGLE (Line Drive, 7S)
Ramón Flores to third
Fernando Martínez to second
Runner from 3rd tries for Home, SAFE, no throw
Batting: RHB Maik Palen 0-0: Called Strike
0-1: Swinging Strike
0-2: Ball
1-2: Fly out, F9 (Flyball, 9D)
Top of the 8th over - 3 runs, 4 hits, 1 error, 2 left on base; Naperville 10 - Port Royal 8
BOTTOM OF THE 8TH
Port Royal Disaster batting - Pitching for Naperville Battlekings : RHP Chris Hayes
Batting: RHB Sancho Tornero 0-0: Called Strike
0-1: Foul Ball, location: 2F
0-2: Ball
1-2: Foul Ball, location: 2F
1-2: Foul Ball, location: 2F
1-2: Strikes out swinging
Batting: LHB José Vázquez 0-0: Called Strike
0-1: Ball
1-1: Ball
2-1: DOUBLE (Line Drive, 89D)
Batting: RHB Loren Stallings 0-0: Ball
1-0: Ball
2-0: Called Strike
2-1: Called Strike
2-2: Foul Ball, location: 2F
2-2: Ball
3-2: Foul Ball, location: 2F
3-2: SINGLE (Line Drive, 89S)
José Vázquez to third
Pitching: LHP Kris Ross
Batting: RHB Steve Bock 0-0: Called Strike
0-1: Ball
1-1: Ball
2-1: DOUBLE (Line Drive, 78D)
José Vázquez scores
Loren Stallings to third
Batting: LHB Bob Daugherty 0-0: Ball
1-0: Ball
2-0: Ball
3-0: Base on Balls
Pinch Hitting: RHB Brandon Cooper 0-0: Ball
1-0: Foul Ball, location: 2F
1-1: Ball
2-1: Ball
3-1: SINGLE (Groundball, 4MD)
Loren Stallings scores
Steve Bock to third
Bob Daugherty to second
Runner from 3rd tries for Home, SAFE, no throw
Batting: RHB Wes Shannon 0-0: Called Strike
0-1: Foul Ball, location: 2F
0-2: Foul Ball, location: 2F
0-2: Ball
1-2: Ball
2-2: Grounds into double play, 5-4-3 (Groundball, 5)
Bottom of the 8th over - 3 runs, 4 hits, 0 errors, 1 left on base; Naperville 10 - Port Royal 11
TOP OF THE 9TH
Naperville Battlekings batting - Pitching for Port Royal Disaster : RHP Miguel Hernández
Pitching: RHP Jon King
Now in RF: Jesús Vargas
Batting: RHB Elijah Seymour 0-0: Ball
1-0: Fly out, F3 (Popup, 23F)
Batting: RHB Jean Lechuga 0-0: Ball
1-0: Called Strike
1-1: Foul Ball, location: 2F
1-2: Strikes out swinging
Batting: LHB Marcos Costa 0-0: Swinging Strike
0-1: Ball
1-1: Swinging Strike
1-2: Strikes out swinging
Top of the 9th over - 0 runs, 0 hits, 0 errors, 0 left on base; Naperville 10 - Port Royal 11
Tuesday, June 12th, 2018 - OOTP Baseball 18.8 Build 76